 Dungeon Crawl Stone Soup version 0.29-a0-416-g83a48905f1 (webtiles) character file.

Game seed: 1821561387014061843

15 Hubjo the Firebug (level 2, 0/16 HPs)
             Began as a Deep Elf Fire Elementalist on May 16, 2022.
             Was a Follower of Okawaru.
             Slain by a kobold
             ... wielding a +0 dagger
              (3 damage)
             ... on level 1 of the Dungeon.
             The game lasted 00:01:14 (794 turns).

Hubjo the Firebug (Deep Elf Fire Elementalist)       Turns: 794, Time: 00:01:14

Health: 0/16       AC:  5    Str:  5    XL:     2   Next: 34%
Magic:  8/8        EV: 12    Int: 19    God:    Okawaru [*.....]
Gold:   38         SH:  0    Dex: 15    Spells: 6/7 levels left

rFire   . . .      SeeInvis .   (no weapon)
rCold   . . .      Faith    .   (no shield)
rNeg    . . .      Spirit   .   a - +0 robe
rPois   .          Reflect  .   e - +2 helmet
rElec   .          Harm     .   (no cloak)
rCorr   .          Rampage  .   (no gloves)
Will    .....                   (no boots)
Stlth   ++........              (no amulet)
HPRegen 0.05/turn               (no ring)
MPRegen 0.11/turn               (no ring)

@: no status effects
A: no striking features
a: Renounce Religion, Heroism


You were on level 1 of the Dungeon.
You worshipped Okawaru.
Okawaru was aware of your devotion.
You visited 1 branch of the dungeon, and saw 1 of its levels.

You collected 38 gold pieces.

Inventory:

Armour
 a - a +0 robe (worn)
 e - a +2 helmet (worn)
Scrolls
 d - a scroll of vulnerability {unknown}
 f - a scroll of enchant weapon {unknown}
 h - a scroll of blinking {unknown}
Potions
 b - a potion of magic
 c - a potion of might {unknown}
 g - 2 potions of curing {unknown}
 i - a potion of flight {unknown}


   Skills:
 * Level 0.9 Fighting
 - Level 2.4 Dodging
 + Level 2.7 Stealth
 + Level 3.2 Spellcasting
 - Level 1.1 Conjurations
 + Level 3.4 Fire Magic


You had 6 spell levels left.
You knew the following spells:

 Your Spells              Type           Power      Damage    Failure   Level
a - Foxfire               Conj/Fire      44%        2x1d6     6%          1

Your spell library contained the following spells:

 Spells                   Type           Power      Damage    Failure   Level
 Scorch                   Fire           32%        2d7       5%          2
 Conjure Flame            Conj/Fire      11%        6-21      17%         3
 Sublimation of Blood     Necr           3%         N/A       22%         2
 Wereblood                Tmut           3%         N/A       22%         2
 Inner Flame              Hex/Fire       9%         N/A       22%         3
 Flame Wave               Conj/Fire      11%        2d5       50%         4
 Passage of Golubria      Tloc           3%         N/A       83%         4
 Silence                  Hex/Air        1%         N/A       99%         5
 Lehudib's Crystal Spear  Conj/Erth      2%         10d2      100%        8
 Summon Hydra             Summ           Unusable   N/A       N/A         7

Dungeon Overview and Level Annotations

Branches:
Dungeon (1/15)

Altars:
Okawaru


Message History

Unknown command.
Your foxfire dissipates!
Your foxfire dissipates! x2
h - a scroll labelled HACIH SAFF
i - a silvery potion An endoplasm and a kobold come into view.
Found a robe.
The endoplasm quivers.
There is a faded altar of an unknown god here.
You cannot tell which god this altar belongs to.
Convert to them anyway? [Y]es or [N]o only, please.
You cannot tell which god this altar belongs to.
Convert to them anyway?
Okawaru accepts your prayer! Okawaru welcomes you!
You can now gain great but temporary skills.
The kobold shouts!
The kobold closely misses you. The endoplasm attacks as you move away!
The endoplasm barely misses you. The kobold closely misses you.
You see here a book of the Moon.
You pick up a book of the Moon and begin reading...
You add the spells Passage of Golubria, Silence and Lehudib's Crystal Spear to your library.
The endoplasm hits you but does no damage.
The kobold hits you with a +0 dagger. The endoplasm completely misses you.
The kobold hits you with a +0 dagger. The endoplasm freezes you.
You are frozen.
The kobold hits you but does no damage. The endoplasm misses you.
The kobold hits you but does no damage. The endoplasm freezes you.
You are frozen.
The kobold completely misses you.
The endoplasm jiggles.
The endoplasm hits you.
* * * LOW HITPOINT WARNING * * *
The kobold hits you but does no damage. The endoplasm closely misses you.
The kobold misses you. The endoplasm barely misses you.
The kobold completely misses you.
The endoplasm hits you but does no damage.
The kobold hits you but does no damage. The endoplasm closely misses you.
The kobold hits you with a +0 dagger.
You die...

# ### #. ## .[. #.#
#.#########.#
.$.###PP..#....###.# ##
#.P...P.#P..P.P.#
#.##P.....P#K@P.PP.#
#PP.......#.PJ...P..
#.PP.P...._P.P.PP..P
#..P..PPPP#...PP.PP.
###.P..PP.#......P##
##.PP..P.#.PPP.PP#
#####.###PP.P#.P.P###.#
#.....##.#########.# ##
.#.######...........#


You could see an endoplasm and a kobold.

Vanquished Creatures
  2 bats (D:1)
  2 giant cockroaches (D:1)
  2 goblins (D:1)
  2 hobgoblins (D:1)
  A jackal (D:1)
  A frilled lizard (D:1)
  2 kobolds (D:1)
  A rat (D:1)
13 creatures vanquished.

Vanquished Creatures (others)
  57 foxfires (D:1)
57 creatures vanquished.

Grand Total: 70 creatures vanquished

Notes
Turn   | Place    | Note
-------+----------+-------------------------------------------
     0 | D:1      | Hubjo the Deep Elf Fire Elementalist began the quest for
                  | the Orb.
     0 | D:1      | Reached XP level 1. HP: 10/10 MP: 6/6
   102 | D:1      | Found a faded altar of an unknown god.
   489 | D:1      | Reached XP level 2. HP: 16/16 MP: 0/8
   781 | D:1      | Prayed at the altar of an unknown god.
   781 | D:1      | Became a worshipper of Warmaster Okawaru
   781 | D:1      | Reached * piety under Okawaru
   794 | D:1      | Slain by a kobold

Illustrated notes

Levels and vault maps discovered:
D:1:      lemuel_arrival_muddy, layout_rooms, shapermc_ecumenical_altar_gd,
          st_stairs_10

Action                   || total
-------------------------++-------
 Cast: Foxfire           ||    36
Armor: Robe              ||     7
Dodge: Dodged            ||    13

Table legend: (Time is in decaauts)
 A = Elapsed time spent in this place.
 B = Non-inter-level travel time spent in this place.
 C = Inter-level travel time spent in this place.
 D = Time resting spent in this place.
 E = Time spent auto-exploring this place.
 F = Levels seen in this place.
 G = Mean time per level.
                   A        B        C        D        E       F      G
               +--------+--------+--------+--------+--------+-----+--------+
         Total |    797 |    797 |      0 |      0 |    669 |   1 |  797.0 |
       Dungeon |    797 |    797 |      0 |      0 |    669 |   1 |  797.0 |
               +--------+--------+--------+--------+--------+-----+--------+

Top non-repeatable levels by time:
     D:1: 797 daAuts
